Map: Ley Lines

Players

SHIN - Winner!

  • Race: Terran Terran
  • League: Master
  • Spawn Location: 7:00

llllllllllll

  • Race: Zerg Zerg
  • League: Diamond
  • Spawn Location: 1:00

VOD

Have the link to the VOD?

Description

Time

  • Played on: March 4, 2025, 10:45 a.m.
  • Length: 9:36
Show
View Real Time Build Order
Export as new Build Order

SHIN Terran - Winner!

Build Orders: Reaper Expand 

Get SALT Encoding   

  12  0:00  SCV  
  13  0:12  SCV  
  14  0:16  Supply Depot  
  14  0:24  SCV  
  15  0:38  SCV  
  15  0:39  Barracks  
  15  0:42  Refinery  
  16  0:50  SCV  
  17  1:02  SCV  
  18  1:14  SCV  
  19  1:26  Reaper, Orbital Command  
  20  1:40  Command Center  
  20  1:50  Supply Depot  
  20  1:52  SCV  
  21  1:58  Marine  
  22  2:04  SCV  
  23  2:09  Factory  
  23  2:16  SCV  
  23  2:18  Refinery  
  24  2:26  Barracks Reactor  
  24  2:28  SCV  
  25  2:39  Barracks  
  25  2:40  SCV  
  26  2:52  SCV  
  26  2:54  Orbital Command  
  27  3:06  SCV  
  27  3:07  Hellion x2  
  27  3:08  Barracks Tech Lab  
  32  3:18  Supply Depot, SCV  
  33  3:20  SCV  
  33  3:26  Stimpack  
  33  3:27  Marine  
  34  3:30  SCV  
  34  3:32  Starport  
  36  3:35  Marine x2  
  36  3:37  Factory Reactor  
  36  3:40  SCV  
  39  3:44  Marine  
  39  3:45  SCV  
  39  3:47  Supply Depot  
  41  3:52  SCV  
  41  3:53  Marine x2  
  44  3:57  SCV  
  44  4:02  Marine  
  45  4:04  SCV  
  45  4:05  Supply Depot  
  45  4:08  Medivac  
  45  4:09  SCV  
  50  4:11  Armory, Marine  
  50  4:16  Hellion  
  53  4:18  Hellion  
  53  4:20  SCV  
  53  4:21  Marine  
  53  4:23  Marine  
  58  4:27  SCV  
  58  4:30  Supply Depot  
  58  4:31  Marine  
  60  4:38  Hellion  
  62  4:39  Marine  
  62  4:40  Hellion, Marine  
  62  4:44  SCV  
  67  4:48  Marine, Engineering Bay  
  67  4:51  Refinery  
  68  4:53  SCV  
  68  4:56  SCV  
  68  4:57  Marine  
  68  4:58  Marine  
  72  5:05  SCV  
  72  5:06  Marine, Combat Shield  
  74  5:08  SCV  
  73  5:14  Marine  
  73  5:15  Hellion x2  
  73  5:19  Terran Infantry Weapons Level 1  
  78  5:22  Refinery  
  78  5:25  Supply Depot  
  78  5:45  Command Center  
  78  5:46  Marine x3, SCV x2  
  78  5:47  Factory Tech Lab  
  83  5:50  Medivac  
  83  5:56  Supply Depot  
  85  5:58  SCV  
  85  5:59  Supply Depot  
  86  6:10  Marine  
  86  6:14  Marine x2  
  86  6:16  SCV x2  
  86  6:17  Medivac  
  86  6:20  Medivac  
  85  6:28  Marine, SCV x2  
  85  6:31  Siege Tank  
  91  6:36  Supply Depot  
  91  6:37  Supply Depot  
  91  6:39  Supply Depot  
  91  6:40  SCV x2  
  91  6:47  Medivac  
  95  6:50  Medivac  
  95  6:52  SCV x2  
  99  6:55  Barracks  
  99  6:56  Barracks  
  99  6:57  Armory, Engineering Bay  
  100  7:03  Siege Tank  
  100  7:04  SCV x2  
  100  7:08  Barracks  
  104  7:16  SCV  
  104  7:18  Medivac  
  104  7:20  Medivac  
  104  7:22  Orbital Command  
  109  7:23  SCV  
  109  7:29  Terran Infantry Armor Level 1  
  110  7:32  SCV  
  110  7:33  Marine x3  
  110  7:35  SCV  
  115  7:38  Supply Depot  
  115  7:44  Supply Depot, SCV  
  115  7:46  Supply Depot, Barracks Reactor x2  
  115  7:51  Marine x2  
  116  7:52  SCV x2  
  116  7:56  Barracks Reactor, SCV  
  121  8:00  Supply Depot  
  121  8:02  Marine, Refinery  
  121  8:04  SCV  
  123  8:06  Factory  
  123  8:09  Marine x2  
  123  8:10  Siege Tank  
  128  8:15  Missile Turret  
  128  8:19  Missile Turret  
  128  8:20  Marine, SCV  
  128  8:23  SCV  
  128  8:26  SCV  
  128  8:27  Marine x2  
  134  8:36  Marine  
  134  8:38  Marine  
  134  8:39  Marine x5  
  141  8:42  Siege Tank, Supply Depot  
  141  8:44  Marine x2  
  146  8:50  Sensor Tower  
  146  8:54  Marine  
  146  8:55  Marine, Command Center  
  147  8:56  SCV  
  147  8:57  Marine x5  
  147  9:00  SCV  
  147  9:01  SCV  
  147  9:02  Marine x2  
  156  9:07  Supply Depot  
  156  9:08  SCV  
  156  9:09  Factory Reactor  
  159  9:12  Marine  
  159  9:13  SCV  
  164  9:22  Factory Tech Lab  
Show
View Real Time Build Order
Export as new Build Order

llllllllllll Zerg 

Build Orders: Hatch First 

Get SALT Encoding   

  12  0:00  Drone  
  13  0:12  Overlord  
  13  0:17  Drone  
  14  0:33  Drone x2  
  16  0:49  Hatchery  
  15  0:52  Drone  
  15  0:54  Drone  
  17  0:58  Drone  
  18  1:10  Extractor  
  17  1:14  Spawning Pool  
  17  1:17  Drone  
  17  1:19  Drone  
  18  1:28  Drone  
  20  1:40  Drone  
  20  1:52  Drone  
  21  2:01  Queen x2  
  21  2:02  Zergling x2  
  21  2:03  Zergling x2  
  27  2:10  Overlord  
  27  2:23  Extractor  
  27  2:24  Metabolic Boost  
  27  2:26  Drone x2  
  28  2:33  Hatchery  
  29  2:37  Drone  
  29  2:42  Drone x2  
  31  2:49  Queen  
  33  2:54  Overlord  
  33  2:57  Drone  
  34  2:59  Drone  
  34  3:01  Drone  
  36  3:06  Overlord  
  36  3:13  Queen  
  36  3:16  Drone  
  36  3:17  Drone  
  41  3:20  Drone  
  41  3:22  Drone  
  41  3:24  Drone  
  43  3:28  Overlord  
  43  3:35  Queen  
  43  3:37  Zergling x2  
  46  3:42  Zergling x2  
  47  3:52  Queen  
  47  3:53  Queen  
  51  3:56  Overlord  
  51  3:59  Drone x3  
  54  4:11  Zergling x8  
  54  4:14  Zergling x8  
  62  4:18  Zergling x4  
  62  4:21  Zergling x2  
  65  4:29  Zergling x2  
  66  4:42  Evolution Chamber  
  66  4:43  Queen, Evolution Chamber  
  66  4:46  Overlord  
  66  4:47  Overlord  
  66  4:50  Overlord, Extractor  
  66  4:51  Overlord, Extractor  
  64  5:01  Overlord x2  
  64  5:19  Roach Warren  
  62  5:25  Extractor  
  62  5:26  Drone x14  
  75  5:35  Zerg Melee Weapons Level 1, Zerg Ground Armor Level 1  
  75  5:42  Drone x3  
  78  5:46  Drone x3  
  81  5:50  Overlord  
  81  5:54  Drone  
  82  5:58  Lair  
  82  5:59  Drone  
  82  6:03  Drone  
  84  6:18  Roach x8  
  80  6:21  Roach  
  82  6:31  Roach x2  
  86  6:42  Overlord  
  86  6:45  Overlord  
  86  6:46  Hatchery  
  85  6:51  Overlord  
  85  6:56  Hatchery  
  84  7:05  Roach x6  
  84  7:08  Glial Reconstitution  
  96  7:14  Roach x2  
  100  7:16  Overlord  
  100  7:26  Roach x4  
  100  7:29  Overlord  
  108  7:34  Overlord  
  108  7:40  Drone x2  
  110  7:53  Overlord  
  110  7:55  Roach  
  112  8:06  Drone x3  
  112  8:11  Roach x4  
  123  8:19  Overseer  
  123  8:26  Drone x4  
  127  8:36  Drone x4  
  131  8:43  Roach x4  
  131  8:46  Ravager x3  
  142  8:55  Extractor  
  142  8:57  Extractor  
  142  8:58  Roach  
  142  9:03  Overlord  
  142  9:04  Overlord x5  
  142  9:11  Extractor x2  
  142  9:15  Overlord  
  142  9:16  Overlord  
  140  9:19  Hatchery  
Tags
 
Add a new tag
Caveats
  • Supply blocks, unpowered buildings, or Contaminate may cause inaccurate times.
  • Supply counts are checked every 10 seconds.